Description

My lower-league attempt at recreating ZombieGrub's vod build. Supply block at ~5min so avoid that. 2 widow mines then tanks. No add-on swapping. Starport does 1 medivac then 1 liberator then reactor. 3rd is later than some builds.

VOD

https://www.youtube.com/watch?v=RYD8ewVzCvA

Replay - ZGvid_TvP-Widow-Mine-Drop(later3rd)

Build Order

Get SALT Encoding   

  12  0:00  SCV  
  13  0:13  SCV  
  14  0:18  Supply Depot  
  14  0:25  SCV  
  15  0:39  SCV  
  15  0:41  Barracks  
  16  0:47  Refinery  
  16  0:51  SCV  
  17  1:03  SCV  
  18  1:15  SCV  
  19  1:29  Orbital Command  
  19  1:33  Reaper  
  19  1:39  Command Center  
  20  1:51  Supply Depot  
  20  1:55  SCV  
  21  2:04  Marine  
  22  2:11  Factory  
  22  2:14  SCV  
  23  2:22  Refinery  
  23  2:27  Barracks Reactor  
  23  2:28  SCV  
  25  2:53  Orbital Command  
  25  2:59  Widow Mine  
  25  3:02  Starport  
  25  3:04  Marine x2  
  29  3:10  Supply Depot  
  31  3:20  Widow Mine  
  31  3:21  Marine x2  
  37  3:39  Marine x2  
  40  3:44  Supply Depot  
  40  3:45  Factory Tech Lab  
  40  3:46  Medivac  
  44  3:57  Marine x2  
  44  3:59  Refinery  
  48  4:04  Siege Tank  
  48  4:07  Liberator  
  53  4:10  Engineering Bay  
  60  4:37  Supply Depot  
  46  4:00  Barracks  
  62  4:42  Refinery  
  62  4:52  Liberator  
  64  5:06  Siege Tank  
  74  5:34  Command Center  
  74  5:20  Stimpack  
  76  5:36  Terran Infantry Weapons Level 1  
  76  5:37  Barracks  
  76  5:40  Siege Tank  
  62  4:50  Barracks Tech Lab  
  86  5:58  Starport Reactor  
  89  6:12  Siege Tank  
  92  6:22  Marauder  
  94  6:28  Liberator  
  94  6:29  Engineering Bay  
  94  6:31  Armory  
  94  6:32  Barracks Tech Lab  
  96  6:46  Medivac  
  103  6:51  Marauder x2  
  103  6:52  Combat Shield  
  109  6:58  Orbital Command  
  111  7:02  Terran Infantry Armor Level 1  
  113  7:13  Marauder  
  115  7:22  Medivac  
  120  7:25  Marauder  
  120  7:26  Orbital Command  
Spawning Tool Build Advisor. Get it on Overwolf

Analysis

In the replay i generated this from I built the 2nd and 3rd rax about 1:20 late but still maxed at 10:05 so not a huge issue if this happens. ZombieGrub indicates the 2nd rax goes down at 46 supply.

Go to:

Details

  • Created by: DeadlyPants
  • Published on: Aug 04, 2020
  • Modified on: Aug 04, 2020
  • Patch: 4.11.0
  • Difficulty: Medium
Show
View Real Time Build Order
Export as new Build Order

Comments (0)

There are no comments. Be the first!

Create an account to comment!